TOP OF THE 1ST |
Bluefield Blue Jays batting - Pitching for Seattle (APP) Mariners : LHP Josh Valles
|
Pitching: LHP Josh Valles
|
|
Batting: RHB Sung-ho Lee
|
0-0: Ball 1-0: Swinging Strike 1-1: Fly out, F2 (Popup, 3SF, EV 77.5 MPH)
|
Batting: RHB Willie de la Cruz
|
0-0: Called Strike 0-1: Foul Ball, location: 2F 0-2: Foul Ball, location: 2F 0-2: Foul Ball, location: 2F 0-2: Ball 1-2: Ground out 5-3 (Groundball, 56S, EV 66.9 MPH)
|
Batting: RHB Mario Alfaro
|
0-0: Called Strike 0-1: Ball 1-1: Ball 2-1: Foul Ball, location: 2F 2-2: Foul Ball, location: 2F 2-2: Ball 3-2: Foul Ball, location: 2F 3-2: Foul Ball, location: 2F 3-2: Fly out, F8 (Flyball, 8LD, EV 88.8 MPH)
|
Top of the 1st over - 0 runs, 0 hits, 0 errors, 0 left on base; Bluefield 0 - Seattle (APP) 0 |
BOTTOM OF THE 1ST |
Seattle (APP) Mariners batting - Pitching for Bluefield Blue Jays : LHP Armando Florez
|
Pitching: LHP Armando Florez
|
|
Batting: LHB Humberto Herrada
|
0-0: Called Strike 0-1: Ball 1-1: Ball 2-1: Ball 3-1: Called Strike 3-2: Strikes out swinging
|
Batting: RHB Abel Gray
|
0-0: Ball 1-0: Foul Ball, location: 2F 1-1: Called Strike 1-2: Fly out, F9 (Flyball, 9S, EV 86.3 MPH)
|
Batting: LHB Griffin Fogle
|
0-0: Ball 1-0: Ball 2-0: Called Strike 2-1: Ground out 4-3 (Groundball, 4, EV 95.6 MPH)
|
Bottom of the 1st over - 0 runs, 0 hits, 0 errors, 0 left on base; Bluefield 0 - Seattle (APP) 0 |
TOP OF THE 2ND |
Bluefield Blue Jays batting - Pitching for Seattle (APP) Mariners : LHP Josh Valles
|
Batting: RHB Murray Yerzy
|
0-0: Ball 1-0: Ball 2-0: Called Strike 2-1: Foul Ball, location: 2F 2-2: Ground out 6-3 (Groundball, 6, EV 89.4 MPH)
|
Batting: SHB Orlando Lopez
|
0-0: Ball 1-0: Ball 2-0: Called Strike 2-1: Ball 3-1: Foul Ball, location: 2F 3-2: Base on Balls
|
Batting: RHB Jose Amparan
|
0-0: Ball 1-0: SINGLE (Groundball, 6MS, EV 81.9 MPH) (infield hit) Orlando Lopez to second
|
Batting: LHB Omar Ramirez
|
0-0: Called Strike 0-1: Swinging Strike 0-2: Ball 1-2: Foul Ball, location: 2F 1-2: SINGLE (Groundball, 6, EV 105.6 MPH) (infield hit) Orlando Lopez to third Jose Amparan to second
|
Batting: RHB Logan Humby
|
0-0: Ball 1-0: Called Strike 1-1: Fly out, F7 (Flyball, 78D, EV 81.3 MPH)
|
Batting: RHB Tyler Gray
|
0-0: Ball 1-0: Foul Ball, location: 2F 1-1: Ground out 4-3 (Groundball, 4, EV 80.0 MPH)
|
Top of the 2nd over - 0 runs, 2 hits, 0 errors, 3 left on base; Bluefield 0 - Seattle (APP) 0 |
BOTTOM OF THE 2ND |
Seattle (APP) Mariners batting - Pitching for Bluefield Blue Jays : LHP Armando Florez
|
Batting: RHB J.J. Phillips
|
0-0: Swinging Strike 0-1: Fly out, F9 (Flyball, 9LDF, EV 101.3 MPH)
|
Batting: RHB Corey Davis
|
0-0: Called Strike 0-1: Ground out 3-1 (Groundball, 34, EV 101.9 MPH)
|
Batting: RHB Evan Bohringer
|
0-0: Foul Ball, location: 2F 0-1: Ball 1-1: Foul Ball, location: 2F 1-2: Ball 2-2: Foul Ball, location: 2F 2-2: Ground out 6-3 (Groundball, 56, EV 91.9 MPH)
|
Bottom of the 2nd over - 0 runs, 0 hits, 0 errors, 0 left on base; Bluefield 0 - Seattle (APP) 0 |
TOP OF THE 3RD |
Bluefield Blue Jays batting - Pitching for Seattle (APP) Mariners : LHP Josh Valles
|
Batting: RHB Sung-ho Lee
|
0-0: Called Strike 0-1: Ball 1-1: Ground out 6-3 (Groundball, 6, EV 78.1 MPH)
|
Batting: RHB Willie de la Cruz
|
0-0: Ball 1-0: SINGLE (Line Drive, 5L, EV 94.4 MPH)
|
Batting: RHB Mario Alfaro
|
0-0: Ball 1-0: Called Strike 1-1: Foul Ball, location: 2F 1-2: Ball 2-2: Ball 3-2: Fly out, F6 (Line Drive, 6, EV 67.5 MPH)
|
Batting: RHB Murray Yerzy
|
0-0: Ball 1-0: Called Strike 1-1: SINGLE (Groundball, 6MD, EV 93.8 MPH) Willie de la Cruz to second
|
Batting: SHB Orlando Lopez
|
0-0: Fly out, F7 (Flyball, 78S, EV 87.5 MPH)
|
Top of the 3rd over - 0 runs, 2 hits, 0 errors, 2 left on base; Bluefield 0 - Seattle (APP) 0 |
BOTTOM OF THE 3RD |
Seattle (APP) Mariners batting - Pitching for Bluefield Blue Jays : LHP Armando Florez
|
Batting: RHB Shawn Spence
|
0-0: DOUBLE (Line Drive, 9LS, EV 98.8 MPH)
|
Batting: RHB David Knox
|
0-0: Ball 1-0: Ball 2-0: Called Strike 2-1: Ball 3-1: Base on Balls
|
Batting: LHB Joe Thompson
|
0-0: Ball 1-0: Ball 2-0: Ball 3-0: Base on Balls Shawn Spence to third David Knox to second
|
Batting: LHB Humberto Herrada
|
0-0: Ball 1-0: Swinging Strike 1-1: Ball 2-1: Ball 3-1: Foul Ball, location: 2F 3-2: Foul Ball, location: 2F 3-2: Strikes out swinging
|
Batting: RHB Abel Gray
|
0-0: Fly out, F9 (Flyball, 9LS, EV 78.8 MPH)
|
Batting: LHB Griffin Fogle
|
0-0: Swinging Strike 0-1: Called Strike 0-2: Strikes out swinging
|
Bottom of the 3rd over - 0 runs, 1 hit, 0 errors, 3 left on base; Bluefield 0 - Seattle (APP) 0 |
TOP OF THE 4TH |
Bluefield Blue Jays batting - Pitching for Seattle (APP) Mariners : LHP Josh Valles
|
Batting: RHB Jose Amparan
|
0-0: Ball 1-0: Foul Ball, location: 2F 1-1: Swinging Strike 1-2: Foul Ball, location: 2F 1-2: SINGLE (Groundball, 56D, EV 94.4 MPH)
|
Batting: LHB Omar Ramirez
|
0-0: Fielders Choice at 2nd, 4-6 (Groundball, 4M, EV 75.6 MPH)
|
Batting: RHB Logan Humby
|
0-0: Ball 1-0: Swinging Strike 1-1: Foul Ball, location: 2F 1-2: Ball 2-2: Ball 3-2: SINGLE (Line Drive, 34, EV 107.5 MPH) Omar Ramirez to second Runner from 2nd tries for 3rd, SAFE, throw by RF made to third
|
Batting: RHB Tyler Gray
|
0-0: Fly out, F9 (Flyball, 9LMF, EV 80.6 MPH)
|
Batting: RHB Sung-ho Lee
|
0-0: Ball 1-0: Swinging Strike 1-1: Foul Ball, location: 2F 1-2: Fly out, F8 (Flyball, 89XD, EV 109.4 MPH)
|
Top of the 4th over - 0 runs, 2 hits, 0 errors, 2 left on base; Bluefield 0 - Seattle (APP) 0 |
BOTTOM OF THE 4TH |
Seattle (APP) Mariners batting - Pitching for Bluefield Blue Jays : LHP Armando Florez
|
Batting: RHB J.J. Phillips
|
0-0: Ball 1-0: Foul Ball, location: 2F 1-1: Foul Ball, location: 2F 1-2: Ground out U3 (Groundball, 3, EV 83.1 MPH)
|
Batting: RHB Corey Davis
|
0-0: Swinging Strike 0-1: Foul Ball, location: 2F 0-2: Strikes out swinging
|
Batting: RHB Evan Bohringer
|
0-0: Swinging Strike 0-1: Ground out 6-3 (Groundball, 56, EV 108.1 MPH)
|
Bottom of the 4th over - 0 runs, 0 hits, 0 errors, 0 left on base; Bluefield 0 - Seattle (APP) 0 |
TOP OF THE 5TH |
Bluefield Blue Jays batting - Pitching for Seattle (APP) Mariners : LHP Josh Valles
|
Batting: RHB Willie de la Cruz
|
0-0: Ball 1-0: Called Strike 1-1: Swinging Strike 1-2: Strikes out looking
|
Batting: RHB Mario Alfaro
|
0-0: Ball 1-0: Swinging Strike 1-1: Called Strike 1-2: Strikes out swinging
|
Batting: RHB Murray Yerzy
|
0-0: Ball 1-0: Ball 2-0: Called Strike 2-1: Called Strike 2-2: Foul Ball, location: 2F 2-2: Fly out, F8 (Flyball, 8LS, EV 87.5 MPH)
|
Top of the 5th over - 0 runs, 0 hits, 0 errors, 0 left on base; Bluefield 0 - Seattle (APP) 0 |
BOTTOM OF THE 5TH |
Seattle (APP) Mariners batting - Pitching for Bluefield Blue Jays : LHP Armando Florez
|
Batting: RHB Shawn Spence
|
0-0: Foul Ball, location: 2F 0-1: Ball 1-1: Ball 2-1: Swinging Strike 2-2: Ball 3-2: Strikes out looking
|
Batting: RHB David Knox
|
0-0: Called Strike 0-1: Called Strike 0-2: Strikes out swinging
|
Batting: LHB Joe Thompson
|
0-0: Ball 1-0: Called Strike 1-1: Fly out, F8 (Flyball, 8LD, EV 92.5 MPH)
|
Bottom of the 5th over - 0 runs, 0 hits, 0 errors, 0 left on base; Bluefield 0 - Seattle (APP) 0 |
TOP OF THE 6TH |
Bluefield Blue Jays batting - Pitching for Seattle (APP) Mariners : LHP Josh Valles
|
Pitching: RHP Marco Castillo
|
|
Batting: SHB Orlando Lopez
|
0-0: Called Strike 0-1: Swinging Strike 0-2: Ball 1-2: Ball 2-2: SINGLE (Line Drive, 6D, EV 97.5 MPH)
|
Batting: RHB Jose Amparan
|
0-0: Called Strike 0-1: Ball 1-1: Ball 2-1: Ball 3-1: DOUBLE (Line Drive, 9LS, EV 94.4 MPH) Orlando Lopez to third
|
Batting: LHB Omar Ramirez
|
0-0: Ball 1-0: Ball 2-0: Swinging Strike 2-1: Ball 3-1: Base on Balls
|
Pitching: LHP Dustin Hallam
|
|
Batting: RHB Logan Humby
|
0-0: Called Strike 0-1: Ball 1-1: Ball 2-1: Called Strike 2-2: Ball 3-2: Foul Ball, location: 2F 3-2: Base on Balls Orlando Lopez scores Jose Amparan to third Omar Ramirez to second
|
Batting: RHB Tyler Gray
|
0-0: Foul Ball, location: 2F 0-1: Ball 1-1: Ball 2-1: Fly out, F8 (Line Drive, 8RD, EV 103.8 MPH) Runner from 3rd tags up, SCORES, throw by CF
|
Batting: RHB Sung-ho Lee
|
0-0: Ball 1-0: Ball 2-0: Ball 3-0: Called Strike 3-1: Base on Balls Omar Ramirez to third Logan Humby to second
|
Batting: RHB Willie de la Cruz
|
0-0: Ball 1-0: SINGLE (Line Drive, 8LS, EV 100.6 MPH) Omar Ramirez scores Logan Humby to third Sung-ho Lee to second
|
Pitching: RHP Bertrand Kamoga
|
|
Batting: RHB Mario Alfaro
|
0-0: Called Strike 0-1: Called Strike 0-2: Ball 1-2: Foul Ball, location: 2F 1-2: Ball 2-2: Foul Ball, location: 2F 2-2: Foul Ball, location: 2F 2-2: Ball 3-2: Base on Balls Logan Humby scores Sung-ho Lee to third Willie de la Cruz to second
|
Batting: RHB Murray Yerzy
|
0-0: Called Strike 0-1: Called Strike 0-2: Ball 1-2: Strikes out swinging
|
Batting: SHB Orlando Lopez
|
0-0: Foul Ball, location: 2F 0-1: Foul Ball, location: 2F 0-2: Ball Wild Pitch! Sung-ho Lee scores Willie de la Cruz to third Mario Alfaro to second 1-2: Ball 2-2: Ball 3-2: Fly out, F6 (Popup, 6, EV 58.1 MPH)
|
Top of the 6th over - 5 runs, 3 hits, 0 errors, 2 left on base; Bluefield 5 - Seattle (APP) 0 |
BOTTOM OF THE 6TH |
Seattle (APP) Mariners batting - Pitching for Bluefield Blue Jays : LHP Armando Florez
|
Batting: LHB Humberto Herrada
|
0-0: Ground out 4-3 (Groundball, 4, EV 78.1 MPH)
|
Batting: RHB Abel Gray
|
0-0: Ball 1-0: Called Strike 1-1: Foul Ball, location: 2F 1-2: Strikes out swinging
|
Batting: LHB Griffin Fogle
|
0-0: Called Strike 0-1: Called Strike 0-2: Strikes out swinging
|
Bottom of the 6th over - 0 runs, 0 hits, 0 errors, 0 left on base; Bluefield 5 - Seattle (APP) 0 |
TOP OF THE 7TH |
Bluefield Blue Jays batting - Pitching for Seattle (APP) Mariners : RHP Bertrand Kamoga
|
Batting: RHB Jose Amparan
|
0-0: Foul Ball, location: 2F 0-1: Ball 1-1: Swinging Strike 1-2: TRIPLE (Line Drive, 89XD, EV 107.5 MPH)
|
Batting: LHB Omar Ramirez
|
0-0: Foul Ball, location: 2F 0-1: Swinging Strike 0-2: Ball 1-2: Ground out 6-3 (Groundball, 6, EV 101.9 MPH) Jose Amparan scores
|
Batting: RHB Logan Humby
|
0-0: Ball 1-0: Fly out, F3 (Line Drive, 3, EV 71.3 MPH)
|
Batting: RHB Tyler Gray
|
0-0: Ball 1-0: Swinging Strike 1-1: Ball 2-1: Ball 3-1: Called Strike 3-2: Fly out, F8 (Line Drive, 8LD, EV 103.1 MPH)
|
Top of the 7th over - 1 run, 1 hit, 0 errors, 0 left on base; Bluefield 6 - Seattle (APP) 0 |
BOTTOM OF THE 7TH |
Seattle (APP) Mariners batting - Pitching for Bluefield Blue Jays : LHP Armando Florez
|
Now at 1B: Mel Medlin
|
|
Batting: RHB J.J. Phillips
|
0-0: Foul Ball, location: 2F 0-1: Swinging Strike 0-2: Strikes out swinging
|
Batting: RHB Corey Davis
|
0-0: Called Strike 0-1: Ball 1-1: Foul Ball, location: 2F 1-2: Strikes out swinging
|
Batting: RHB Evan Bohringer
|
0-0: Swinging Strike 0-1: Swinging Strike 0-2: Ball 1-2: Strikes out swinging
|
Bottom of the 7th over - 0 runs, 0 hits, 0 errors, 0 left on base; Bluefield 6 - Seattle (APP) 0 |
TOP OF THE 8TH |
Bluefield Blue Jays batting - Pitching for Seattle (APP) Mariners : RHP Bertrand Kamoga
|
Batting: RHB Sung-ho Lee
|
0-0: Foul Ball, location: 2F 0-1: SINGLE (Line Drive, 5D, EV 95.0 MPH)
|
Batting: RHB Willie de la Cruz
|
0-0: Called Strike Sung-ho Lee steals 2nd base 0-1: Ball 1-1: Called Strike 1-2: Ball 2-2: Ball 3-2: Fly out, F2 (Popup, 25F, EV 82.5 MPH)
|
Pitching: RHP Alex Camacho
|
|
Batting: RHB Mario Alfaro
|
0-0: Fly out, F3 (Popup, 34, EV 75.0 MPH)
|
Batting: RHB Murray Yerzy
|
0-0: SINGLE (Groundball, 6MS, EV 66.3 MPH) (infield hit) Sung-ho Lee to third
|
Batting: RHB Mel Medlin
|
0-0: Ball 1-0: Ball 2-0: Foul Ball, location: 2F 2-1: Ball 3-1: Base on Balls Murray Yerzy to second
|
Batting: RHB Jose Amparan
|
0-0: Called Strike 0-1: Foul Ball, location: 2F 0-2: Foul Ball, location: 2F 0-2: Ball 1-2: SINGLE (Groundball, 6MD, EV 104.4 MPH) Sung-ho Lee scores Murray Yerzy to third Mel Medlin to second
|
Batting: LHB Omar Ramirez
|
0-0: SINGLE (Groundball, 34D, EV 95.0 MPH) Murray Yerzy scores Mel Medlin to third Jose Amparan to second Runner from 3rd tries for Home, SAFE, throw by RF to home
|
Batting: RHB Logan Humby
|
0-0: Swinging Strike 0-1: Swinging Strike 0-2: Strikes out swinging
|
Top of the 8th over - 3 runs, 4 hits, 0 errors, 2 left on base; Bluefield 9 - Seattle (APP) 0 |
BOTTOM OF THE 8TH |
Seattle (APP) Mariners batting - Pitching for Bluefield Blue Jays : LHP Armando Florez
|
Pitching: RHP Chris Varner
|
|
Batting: RHB Shawn Spence
|
0-0: Foul Ball, location: 2F 0-1: Foul Ball, location: 2F 0-2: Strikes out swinging
|
Batting: RHB David Knox
|
0-0: Called Strike 0-1: Foul Ball, location: 2F 0-2: Strikes out swinging
|
Batting: LHB Joe Thompson
|
0-0: Ball 1-0: Called Strike 1-1: Fly out, F8 (Flyball, 8LXD, EV 110.6 MPH)
|
Bottom of the 8th over - 0 runs, 0 hits, 0 errors, 0 left on base; Bluefield 9 - Seattle (APP) 0 |
TOP OF THE 9TH |
Bluefield Blue Jays batting - Pitching for Seattle (APP) Mariners : RHP Alex Camacho
|
Batting: RHB Tyler Gray
|
0-0: Ball 1-0: Called Strike 1-1: Swinging Strike 1-2: Fly out, F8 (Flyball, 8LXD, EV 91.3 MPH)
|
Batting: RHB Sung-ho Lee
|
0-0: Ball 1-0: Called Strike 1-1: Foul Ball, location: 2F 1-2: Strikes out swinging
|
Batting: RHB Willie de la Cruz
|
0-0: Ball 1-0: Ball 2-0: Ball 3-0: Base on Balls
|
Pitching: LHP Zheng-ze Rui
|
|
Pinch Hitting: LHB Paul Caliari
|
0-0: Ball 1-0: Foul Ball, location: 2F 1-1: Foul Ball, location: 2F 1-2: Foul Ball, location: 2F 1-2: SINGLE (Groundball, 6D, EV 97.5 MPH) Willie de la Cruz to second
|
Pinch Hitting: LHB Alexis Quinones
|
0-0: Called Strike 0-1: Called Strike 0-2: Ball 1-2: Ball 2-2: Strikes out swinging
|
Top of the 9th over - 0 runs, 1 hit, 0 errors, 2 left on base; Bluefield 9 - Seattle (APP) 0 |
BOTTOM OF THE 9TH |
Seattle (APP) Mariners batting - Pitching for Bluefield Blue Jays : RHP Chris Varner
|
Now at 2B: Alexis Quinones
|
|
Now in LF: Paul Caliari
|
|
Batting: LHB Humberto Herrada
|
0-0: Foul Ball, location: 2F 0-1: Ball 1-1: Called Strike 1-2: Ball 2-2: Strikes out swinging
|
Batting: RHB Abel Gray
|
0-0: Ball 1-0: Reached on error, E5 (Groundball, 5L, EV 103.1 MPH)
|
Batting: LHB Griffin Fogle
|
0-0: Ball 1-0: Ball 2-0: Foul Ball, location: 2F 2-1: Ball 3-1: Called Strike 3-2: Fly out, F8 (Flyball, 89D, EV 109.4 MPH)
|
Batting: RHB J.J. Phillips
|
0-0: Ball 1-0: Foul Ball, location: 2F 1-1: Ball 2-1: Ball 3-1: Called Strike 3-2: Strikes out swinging
|
Bottom of the 9th over - 0 runs, 0 hits, 1 error, 1 left on base; Bluefield 9 - Seattle (APP) 0 |
|